 Dungeon Crawl Stone Soup version 0.27-a0-1232-gc6a4cbde82 (webtiles) character file.

Game seed: 11974967979266641186

62 robertstho the Magician (level 4, -6/31 HPs)
             Began as a Djinni Fire Elementalist on June 8, 2021.
             Splashed by Ijyb's acid (15 damage)
             ... on level 3 of the Dungeon.
             The game lasted 00:03:47 (2922 turns).

robertstho the Magician (Djinni Fire Elementalist)  Turns: 2922, Time: 00:03:48

Health: -6/31      AC:  2    Str:  7    XL:     4   Next: 28%
Gold:   60         EV: 12    Int: 18    God:
                   SH:  0    Dex: 13

rFire    + + .     SeeInvis .   g - +0 dagger
rCold    x . .     Faith    .   (no shield)
rNeg     . . .     Spirit   .   a - +0 robe
rPois    ∞         Reflect  .   (no helmet)
rElec    .         Harm     .   (no cloak)
rCorr    .         Rampage  .   (no gloves)
Will     .....                  (boots unavailable)
Stlth    ++........             (no amulet)
HPRegen  0.10/turn              (no ring)
MPRegen  0.00/turn              (no ring)

@: flying
A: sickness immunity, fire resistance 2, cold vulnerability 1, float, innate
caster, hp casting, extra vitality 1
a: no special abilities


You were on level 3 of the Dungeon.
You visited 1 branch of the dungeon, and saw 3 of its levels.

You collected 86 gold pieces.
You spent 26 gold pieces at shops.

Inventory:

Hand Weapons
 g - a +0 dagger (weapon)
Armour
 a - a +0 robe (worn)
Jewellery
 k - a ring of wizardry
Scrolls
 c - a scroll of fear
 e - a scroll of fog
 h - 2 scrolls of teleportation {unknown}
Potions
 b - a potion of flight {unknown}
 d - 3 potions of haste {unknown}
 f - 2 potions of might {unknown}
 i - 2 potions of curing {unknown}
 j - a potion of lignification {unknown}


   Skills:
 + Level 2.3 Dodging
 + Level 1.6 Stealth
 * Level 3.7 Spellcasting


You couldn't memorise any spells.
You knew the following spells:

 Your Spells              Type           Power      Damage    Failure   Level
a - Foxfire               Conj/Fire      64%        2x1d7     3%          1
b - Conjure Flame         Conj/Fire      16%        6-21      10%         3
c - Inner Flame           Hex/Fire       16%        N/A       10%         3
d - Sticky Flame          Conj/Fire      16%        2d4       32%         4
e - Fireball              Conj/Fire      8%         3d6       67%         5
f - Corona                Hex            17%        N/A       3%          1
Your spell library was empty.

Dungeon Overview and Level Annotations

Branches:
Dungeon (3/15)

Altars:

Shops:
D:1 *

Annotations:
D:3 Ijyb


Innate Abilities, Weirdness & Mutations

You are immune to sickness and miasma.
You are immune to poison.
Your flesh is very heat resistant. (rF++)
You are vulnerable to cold. (rC-)
You float through the air rather than walking.
You learn spells naturally, not from books.
Your magical power is your life essence.
You have superior vitality. (+4 HP)


Message History

Your foxfire dissipates!
The foxfire hits Ijyb but does no damage.
Ijyb is lightly wounded.
Casting: Foxfire (safe; 3% risk of failure)
Press: ? - help, Q - select action, (/) - cycle Dir - look around, f - activate You conjure some foxfire!
The foxfire hits Ijyb but does no damage.
Ijyb is lightly wounded.
The foxfire hits Ijyb but does no damage.
Ijyb is lightly wounded.
The foxfire hits Ijyb.
Ijyb resists.
Ijyb is lightly wounded.
The foxfire hits Ijyb but does no damage.
Ijyb is lightly wounded.
Casting: Foxfire (safe; 3% risk of failure)
Press: ? - help, Q - select action, (/) - cycle Dir - look around, f - activate You conjure some foxfire!
The foxfire hits Ijyb.
Ijyb completely resists.
Ijyb is lightly wounded.
Unknown command.
Casting: Foxfire (safe; 3% risk of failure)
Press: ? - help, Q - select action, (/) - cycle Dir - look around, f - activate You conjure some foxfire!
The foxfire hits Ijyb but does no damage.
Ijyb is lightly wounded.
The foxfire hits Ijyb.
Ijyb completely resists.
Ijyb is lightly wounded.
The foxfire hits Ijyb.
Ijyb completely resists.
Ijyb is lightly wounded.
Casting: Foxfire (safe; 3% risk of failure)
Press: ? - help, Q - select action, (/) - cycle Dir - look around, f - activate You conjure some foxfire!
The foxfire hits Ijyb.
Ijyb resists.
Ijyb is moderately wounded.
The foxfire hits Ijyb but does no damage.
Ijyb is moderately wounded.
Ijyb zaps a wand.
The bolt of acid hits you!
* * * LOW HITPOINT WARNING * * *
You are splashed with acid!
You die...

..(.# ....#### # ......
#......# .. #......#
#[.....# .. #....#.#
#.g....### ...###....#.#
..§......
...#......#.####§§......
.............v@§......
#...#........§v###...
##...#.......####
#<..............#
####.######.....#
..............#
###.#########†## #.#
#.....v.# #.# #+#####.#


You could see Ijyb (ally target).

Vanquished Creatures
  An adder (D:3)
  3 worms (D:2)
  2 dart slugs
  4 ball pythons
  3 bats
  2 endoplasms
  4 hobgoblins (D:1)
  5 jackals (D:1)
  A quokka (D:1)
  4 frilled lizards
  3 goblins
  5 kobolds (D:1)
  2 rats (D:1)
39 creatures vanquished.

Vanquished Creatures (others)
  201 foxfires
201 creatures vanquished.

Grand Total: 240 creatures vanquished

Notes
Turn   | Place    | Note
-------+----------+-------------------------------------------
     0 | D:1      | robertstho the Djinni Fire Elementalist began the quest for
                  | the Orb.
     0 | D:1      | Reached XP level 1. HP: 15/15 MP: 0/0
   548 | D:1      | Reached XP level 2. HP: 18/21 MP: 0/0
   725 | D:1      | Found Zimuniod's General Store.
   729 | D:1      | Bought a scroll of fog for 26 gold pieces
   818 | D:1      | Reached skill level 3 in Spellcasting
  1188 | D:1      | Reached XP level 3. HP: 23/25 MP: 0/0
  1188 | D:1      | Learned a level 1 spell: Corona
  1374 | D:1      | Found a faded altar of an unknown god.
  2383 | D:2      | Reached XP level 4. HP: 13/31 MP: 0/0
  2913 | D:3      | Noticed Ijyb
  2922 | D:3      | Splashed by Ijyb's acid

Illustrated notes

Levels and vault maps discovered:
D:1:      scummos_arrival_forest, layout_loops_cross, serial_rivers,
          chequers_serial_rivers_room_a, chequers_serial_rivers_micro_b,
          chequers_serial_rivers_small_b, chequers_serial_rivers_room_b,
          chequers_serial_rivers_micro_b, serial_shops, shop,
          ebering_ecumenical_altar_sacrificial, minmay_pentomino_v4
D:2:      layout_rooms, minmay_misc_feat_chi
D:3:      gammafunk_wand_slinger, layout_basic, lemuel_zombie_altar_yredelemnul,
          uniq_ijyb, uniq_sigmund

Skill      XL: |  1  2 |
---------------+-------+-----
Spellcasting   | 3 |  3.7
Dodging        | |  2.3
Stealth        | |  1.6

Action                   |  1- 3 |  4- 6 || total
-------------------------+-------+-------++-------
 Cast: Foxfire           |   110 |    20 ||   130
  Use: Scroll            |     1 |       ||     1
Armor: Robe              |     2 |       ||     2
Dodge: Dodged            |     8 |     2 ||    10

Table legend: (Time is in decaauts)
 A = Elapsed time spent in this place.
 B = Non-inter-level travel time spent in this place.
 C = Inter-level travel time spent in this place.
 D = Time resting spent in this place.
 E = Time spent auto-exploring this place.
 F = Levels seen in this place.
 G = Mean time per level.
                   A        B        C        D        E       F      G
               +--------+--------+--------+--------+--------+-----+--------+
         Total |   2921 |   2887 |     34 |      0 |   2620 |   3 |  973.7 |
       Dungeon |   2921 |   2887 |     34 |      0 |   2620 |   3 |  973.7 |
               +--------+--------+--------+--------+--------+-----+--------+

Top non-repeatable levels by time:
     D:1: 1813 daAuts
     D:2: 962 daAuts
     D:3: 144 daAuts
